 Dungeon Crawl Stone Soup version 0.31.0-32-g396128a36d (webtiles) character file.

Game seed: 4426758675986178779

210370 Arcadio the Spry (level 17, -18/80 HPs)
             Began as a Vampire Necromancer on Apr 8, 2024.
             Was a High Priest of Fedhas.
             Shot with a bolt by a yaktaur captain (28 damage)
             ... on level 13 of the Dungeon on Apr 9, 2024.
             The game lasted 03:26:56 (49899 turns).

Arcadio the Spry (Vampire Necromancer)             Turns: 49899, Time: 03:26:57

Health: -18/80     AC: 19    Str:  7    XL:     17   Next: 71%
Magic:  37/37      EV: 29    Int: 26    God:    Fedhas [*****.]
Gold:   635        SH:  0    Dex: 23    Spells: 3/48 levels left

rFire   + . .        b - +4 rapier (elec)
rCold   + + +        (no shield)
rNeg    + + +        f - +5 steam dragon scales
rPois   ∞            V - +2 helmet
rElec   .            x - scarf {rC+ rF+}
rCorr   +            F - +2 pair of gloves
SInv    +            d - +2 pair of boots
Will    ++...        K - amulet of magic regeneration
Stlth   +++++        w - +6 ring of dexterity
HPRegen 0.00/turn    T - ring "Topa" {^Contam Will+ rCorr Int+3}
MPRegen 0.65/turn

%: no passive effects
@: bloodless, inhibited regen
A: bloodless, fangs 3, see invisible, vampiric 2
}: 2/15 runes: decaying, serpentine
a: Bat Form, Revivify, Renounce Religion, Wall of Briars, Grow Ballistomycete,
Overgrow, Grow Oklob


You were on level 13 of the Dungeon.
You worshipped Fedhas.
Fedhas was extremely pleased with you.
You visited 8 branches of the dungeon, and saw 33 of its levels.
You visited 1 bazaar.

You collected 2854 gold pieces.
You spent 2219 gold pieces at shops.

Inventory:

Hand Weapons
 b - a +4 rapier of electrocution (weapon)
Missiles
 u - 6 datura-tipped darts (quivered)
Armour
 d - a +2 pair of boots (worn)
 f - +5 steam dragon scales (worn)
 i - the +3 leather armour of Fedhas's Envy {rPois Regen+ Int+3}
   (You found it on level 1 of the Swamp)

   Int+3:     It affects your intelligence (+3).
   rPois:     It protects you from poison Regen+: It increases your rate of
   health regeneration.
 x - a scarf of resistance (worn)
 y - a +2 cloak
 F - a +2 pair of gloves (worn)
 Q - a +3 leather armour of fire resistance
 U - a +1 ring mail of cold resistance
 V - a +2 helmet (worn)
 Z - a +2 robe of willpower
Magical Staves
 a - the staff of Red Wine {rN+ Int+3 Necro Ice Air}
   (You found it on level 5 of the Lair of Beasts)

   [staff of death]

   Base accuracy: +5 Base damage: 5 Base attack delay: 1.2 This weapon's minimum
   attack delay (0.6) is reached at skill level 12.
   Int+3:     It affects your intelligence (+3).
   rN+:       It protects you from negative energy.
   Necro:     It increases the power of your Necromancy spells.
   Ice:       It increases the power of your Ice spells.
   Air:       It increases the power of your Air spells.
   It falls into the 'Staves' category.
   It is a one-handed weapon.
Jewellery
 c - a ring of fire
 m - a ring of magical power
 w - a +6 ring of dexterity (left hand)
 H - a ring of ice
 K - an amulet of magic regeneration (around neck)
 T - the ring "Topa" (right hand) {^Contam Will+ rCorr Int+3}
   (You found it on level 12 of the Dungeon)

   [ring of willpower]

   Int+3:     It affects your intelligence (+3).
   Will+:     It increases your willpower.
   ^Contam:   It causes magical contamination when unequipped.
   rCorr:     It protects you from acid and corrosion.
Wands
 r - a wand of flame (10)
 t - a wand of polymorph (6)
 I - a wand of roots (20)
 W - a wand of light (17)
Scrolls
 h - 10 scrolls of teleportation
 l - 4 scrolls of poison
 s - 6 scrolls of vulnerability
 v - 2 scrolls of fog
 z - 5 scrolls of immolation
 E - a scroll of amnesia
 G - 3 scrolls of silence
 M - 5 scrolls of fear
 N - 3 scrolls of summoning
 O - 2 scrolls of blinking
 P - 2 scrolls of revelation
Potions
 e - 6 potions of invisibility
 g - 5 potions of attraction
 j - 2 potions of berserk rage
 k - a potion of might
 o - 6 potions of curing
 p - 2 potions of enlightenment
 q - 2 potions of ambrosia
 A - 7 potions of lignification
 C - 2 potions of mutation
 J - 4 potions of brilliance
 L - 3 potions of resistance


   Skills:
 + Level 19.4 Dodging
 - Level 3.0 Stealth
 + Level 16.4 Spellcasting
 - Level 17.1 Necromancy
 + Level 9.7 Air Magic
 + Level 11.0 Invocations


You had 3 spell levels left.
You knew the following spells:

 Your Spells              Type           Power      Damage    Failure   Level
a - Vampiric Draining     Necr           84%        2d12      0%          3
b - Arcjolt               Conj/Air       23%        1d33      9%          5
c - Summon Lightning Spi  Summ/Air       46%        N/A       3%          4
d - Anguish               Hex/Necr       30%        N/A       1%          4
e - Curse of Agony        Necr           84%        N/A       1%          5
g - Vhi's Electric Charg  Tloc/Air       92%        N/A       3%          4
h - Animate Dead          Necr           84%        N/A       1%          4
i - Swiftness             Air            64%        N/A       1%          3
j - Teleport Other        Tloc           21%        N/A       7%          3
k - Plasma Beam           Fire/Air       23%        2x1d35    43%         6
l - Cause Fear            Hex            10%        N/A       24%         4

Your spell library contained the following spells:

 Spells                   Type           Power      Damage    Failure   Level
 Necrotise                Necr           100%       1d9       0%          1
 Cigotuvi's Dreadful Rot  Necr/Alch/Air  100%       N/A       1%          2
 Foxfire                  Conj/Fire      84%        2x1d8     2%          1
 Freeze                   Ice            84%        1d9       2%          1
 Ensorcelled Hibernation  Hex/Ice        42%        N/A       3%          2
 Call Canine Familiar     Summ           21%        N/A       7%          3
 Frozen Ramparts          Ice            42%        1d7       7%          3
 Gell's Gravitas          Tloc           21%        N/A       7%          3
 Hailstorm                Conj/Ice       21%        3d7       7%          3
 Inner Flame              Hex/Fire       21%        N/A       7%          3
 Passwall                 Erth           21%        N/A       7%          3
 Sigil of Binding         Hex            21%        N/A       7%          3
 Dispel Undead            Necr           84%        3d27      1%          4
 Martyr's Knell           Necr/Summ      60%        N/A       1%          4
 Borgnjor's Vile Clutch   Necr/Erth      30%        N/A       1%          5
 Death Channel            Necr           42%        N/A       1%          6
 Animate Armour           Summ/Erth      42%        N/A       24%         4
 Dimensional Bullseye     Hex/Tloc       10%        N/A       24%         4
 Flame Wave               Conj/Fire      21%        2d8       24%         4
 Sticky Flame             Fire/Alch      21%        2d6       24%         4
 Alistair's Intoxication  Alch           14%        N/A       54%         5
 Lee's Rapid Deconstruct  Erth           10%        3d8*      54%         5
 Dispersal                Tloc           10%        N/A       98%         6
 Eringya's Noxious Bog    Alch           10%        4d6       98%         6
 Starburst                Conj/Fire      10%        6d5       98%         6
 Enfeeble                 Hex            10%        N/A       100%        7


Dungeon Overview and Level Annotations

Branches:
Dungeon (15/15)            Temple (1/1) D:4            Lair (5/5) D:8
  Swamp (4/4) Lair:2        Snake (4/4) Lair:3        Slime (0/5) Lair:4
    Orc (2/2) D:9             Elf (1/3) Orc:2        Vaults (1/5) D:13
 Depths: D:15

Altars:
Ashenzari
Cheibriados
Dithmenos
Fedhas
Gozag
Hepliaklqana
Kikubaaqudgha
Makhleb
Nemelex Xobeh
Okawaru
Qazlal
Ru
Sif Muna
Trog
Uskayaw
Vehumet
Wu Jian
Xom
Yredelemnul
Jiyva

Shops:
D:8 (   D:11 ?   Orc:1 *[   Orc:2 *:[!   Snake:2 :*:   Snake:4 (

Portals:
Abyss: Orc:2

Annotations:
D:4 exclusion: phantom
D:7 Jeremiah
Swamp:1 exclusion: downstairs
Orc:2 2 transporters, Frank's ghost, journeyman DsFi


Innate Abilities, Weirdness & Mutations

You do not regenerate when monsters are visible.
You are frail without blood (-20% HP).
You can heal yourself when you bite living creatures.
You are immune to poison.
You have razor-sharp teeth.
You have supernaturally acute eyesight. (SInv)
You are afflicted with vampirism and can become a bat while bloodless.


Message History

The bolt of electricity hits the dire elephant!
The dire elephant dies!
Fedhas appreciates your contribution to the ecosystem.
You start resting.
Your lightning spire disappears in a puff of smoke!
Magic restored.
You start resting.
HP restored.
Okay, then.
There is a gate to the Vaults here.
You go down through the gate.
Welcome back to the Vaults!
This branch contains the silver rune of Zot.
The yaktaur unwields a +0 arbalest.
The yaktaur completely misses you. The yaktaur captain hits you!
The yaktaur hits you!
The dire elephant completely misses you.
The dire elephant trunk-slaps you! The yaktaur closely misses you.
There is a gate leading back out of this place here.
The yaktaur captain misses you. The dire elephant misses you.
The dire elephant trunk-slaps you but does no damage.
The dire elephant tramples you!!
You hold your ground!
The dire elephant closely misses you. The yaktaur completely misses you. x2
You go up through the gate.
Welcome back to the Dungeon!
There is a gate to the Vaults here.
As you read the scroll of torment, it crumbles to dust.
You feel a surge of unholy energy.
The dire elephant convulses! x2
The yaktaur convulses!
The yaktaur captain convulses!
The yaktaur convulses!
The dire elephant completely misses you.
The dire elephant closely misses you. The dire elephant tramples you!
* * * LOW HITPOINT WARNING * * *
You hold your ground!
The dire elephant trunk-slaps you but does no damage.
Blink to where?
Press: ? - help, Dir - move target
As you read the scroll of blinking, it crumbles to dust.
As you read the scroll of summoning, it crumbles to dust.
Wisps of shadow whirl around you...
The yaktaur captain wields a +0 arbalest.
The yaktaur captain shoots a bolt.
The bolt hits you!!
You die...
Fedhas appreciates your contribution to the ecosystem.

###).......#.#.#.#.....#...#...#.
...)...................#...#...#.
...........###.#.......#.......#.
...........cY#.........#.......#.
......#....cY#.#.#.....#.......#.
..#####....c.....###########...#.
..#...#..............#.....#...#.
..#...#####.....l....#.....#####.
..#............c@....#...........
..#...#....#######...#######.....
###...#.^........................
......#..........................
......#..........................
......#..........................
#################################


You could see 2 dire elephants, a yaktaur captain (ally target), 2 yaktaurs, a
friendly centaur warrior (summoned) and a friendly basilisk (summoned).

Vanquished Creatures
  Mara (Swamp:3)
  Jorgrun (D:12)
  Gastronok (D:12)
  Frances (D:12)
  Aizul (Snake:3)
  6 nagarajas
  Donald (Swamp:1)
  A frost giant (D:15)
  3 eleionomae
  Josephine (D:14)
  2 salamander tyrants
  14 hydras
  Harold (D:11)
  A yaktaur captain (D:13)
  2 ghost crabs
  10 alligators
  7 anacondas
  A catoblepas (D:14)
  3 boulder beetles
  2 rakshasas (D:14)
  3 tengu warriors (D:14)
  A dancing weapon (Orc:2)
  2 hell hogs (Lair:5)
  A two-headed ogre (D:11)
  4 orc high priests
  6 naga warriors
  The ghost of Nogual the Skirmisher, a journeyman GrHu of Hepliaklqana (D:9)
  4 shock serpents (Snake:3)
  5 naga sharpshooters
  Nergalle (D:12)
  Amaemon (Lair:1)
  A skyshark (Lair:5)
  2 goliath frogs (Swamp:2)
  Lodul (D:12)
  4 salamander mystics
  14 mana vipers
  2 deep elf archers
  5 spriggan druids
  7 swamp dragons
  5 naga ritualists
  2 bog bodies
  3 lindwurms (Swamp:4)
  6 orc knights
  3 deep elf pyromancers
  17 salamanders
  6 orc sorcerers
  A harpy (shapeshifter) (D:15)
  3 ugly things
  2 will-o-the-wisps (Swamp:4)
  5 cyclopes
  A manticore (D:15)
  6 elephants
  27 black mambas
  2 guardian serpents
  3 kobold blastminers
  An orange demon (Lair:1)
  A molten gargoyle (Lair:5)
  14 naga magi
  5 cane toads
  3 rime drakes
  8 komodo dragons
  Maggie (Lair:1)
  3 yaktaurs
  Psyche (D:12)
  2 tengu conjurers
  4 tyrant leeches
  A polar bear (Lair:5)
  2 bloated husks
  6 hornets
  A nameless horror (D:14)
  13 trolls
  5 blink frogs
  7 dream sheep
  Prince Ribbit (D:5)
  A slime creature (D:11)
  12 spriggans
  3 wyverns
  A wraith (D:9)
  20 yaks
  2 vampires
  A fire elemental (D:11)
  4 basilisks
  3 wargs
  7 steam dragons
  8 vampire mosquitoes
  9 swamp worms
  19 nagas
  2 acid dragons
  6 water moccasins
  5 swamp drakes
  4 ice beasts
  22 orc warriors
  A black bear (D:6)
  3 sky beasts
  2 laughing skulls (D:13)
  12 ogres
  8 wolves (Lair:1)
  A boggart (D:15)
  3 centaurs
  3 kobold brigands
  A yaktaur zombie (D:15)
  11 bullfrogs
  A scorpion (D:5)
  2 gnoll sergeants
  9 killer bees
  2 electric eels
  2 crimson imps (D:7)
  2 bombardier beetles (D:5)
  2 hounds
  3 lava snakes (Lair:5)
  16 orc priests
  A boggart zombie (D:15)
  A gnoll bouda (D:8)
  6 jellies
  4 iguanas
  A sleepcap (D:4)
  15 orc wizards
  17 gnolls
  An orc zombie (D:12)
  7 adders
  2 shadow imps
  4 white imps
  4 ufetubi
  2 dart slugs (D:1)
  A ribbon worm (D:4)
  70 orcs
  3 bats
  5 endoplasms
  5 giant cockroaches
  9 goblins
  A hobgoblin (D:4)
  4 quokkas
  2 ball pythons
  2 frilled lizards
  10 kobolds
  3 rats
  6 ballistomycete spores
695 creatures vanquished.

Vanquished Creatures (collateral kills)
  Nikola (Swamp:1)
  A tentacled monstrosity (Swamp:4)
  A dire elephant (D:13)
  4 hydras (Lair:5)
  A rakshasa (D:14)
  A salamander tyrant (Snake:4)
  3 anacondas
  2 naga warriors
  A centaur warrior (D:13)
  A two-headed ogre (D:8)
  A ghost crab (Swamp:1)
  A boulder beetle (D:15)
  2 naga sharpshooters (Snake:4)
  Sonja (D:12)
  3 salamander mystics (Snake:4)
  A goliath frog (Swamp:2)
  A swamp dragon (Swamp:4)
  3 naga ritualists
  2 mana vipers
  A manticore (D:15)
  2 salamanders (Snake:4)
  3 elephants
  A guardian serpent (Snake:4)
  5 naga magi
  7 black mambas
  A molten gargoyle (Lair:5)
  An efreet (D:9)
  4 dream sheep
  A raiju (shapeshifter) (D:15)
  A shadow (D:11)
  4 wraiths
  A wyvern (D:9)
  A basilisk (Lair:1)
  13 yaks
  2 vampire mosquitoes (Swamp:1)
  17 nagas
  4 hell hounds (Lair:5)
  2 water moccasins
  2 orc warriors (Orc:1)
  3 centaurs
  4 ogres
  A kobold brigand (D:9)
  A bullfrog (D:7)
  A gnoll sergeant (D:13)
  5 killer bees
  A crimson imp (D:7)
  A bombardier beetle (D:6)
  2 orc priests
  A hound (D:7)
  2 jellies (Lair:4)
  An orc wizard (D:7)
  2 gnolls (D:13)
  A white imp (D:7)
  A dart slug (D:3)
  10 orcs
  8 kobolds
  53 ballistomycete spores
  4 butterflies (Lair:1)
206 creatures vanquished.

Vanquished Creatures (others)
  A thorn hunter (Swamp:3)
  4 shambling mangroves
  2 hydras (Swamp:4)
  An alligator (Swamp:3)
  A naga warrior (Snake:2)
  A salamander mystic (Snake:3)
  3 anaconda zombies
  3 swamp dragons
  A goliath frog (Swamp:3)
  2 salamanders
  3 black mambas
  2 mana viper zombies (Snake:4)
  A gargoyle (D:11)
  A molten gargoyle (Lair:5)
  2 swamp worm zombies (Swamp:1)
  3 bloated husks (Swamp:1)
  4 hornets (Swamp:4)
  A guardian serpent zombie (Snake:2)
  8 black mamba zombies
  2 vampire mosquitoes (Swamp:1)
  3 nagas
  6 elephant zombies (Lair:5)
  6 dream sheep zombies
  A nameless horror (Swamp:1)
  5 salamander zombies (Snake:4)
  A komodo dragon zombie (Lair:1)
  7 yak zombies
  A polar bear zombie (Lair:5)
  7 wolf zombies (Lair:1)
  A crimson imp (D:7)
  2 centaur zombies
  2 bullfrog zombies (D:7)
  An orc priest (Orc:2)
  An orc wizard (D:6)
  13 killer bee zombies
  19 naga zombies
  4 ogre zombies
  An acid dragon zombie (D:13)
  A hound zombie (D:7)
  2 steam dragon zombies (D:11)
  3 adder zombies
  2 orcs
  6 kobold zombies
  36 orc zombies
  13 ballistomycete spores
  29 foxfires
219 creatures vanquished.

Grand Total: 1120 creatures vanquished

Notes
Turn   | Place    | Note
-------+----------+-------------------------------------------
     0 | D:1      | Arcadio the Vampire Necromancer began the quest for the
                  | Orb.
     0 | D:1      | Reached XP level 1. HP: 13/13 MP: 3/3
   225 | D:1      | Reached XP level 2. HP: 15/19 MP: 1/5
  1542 | D:3      | Found an opulent altar of Gozag.
  1542 | D:3      | Found a stormy altar of Qazlal.
  1548 | D:3      | Gained mutation: You are afflicted with vampirism and can
                  | become a bat while bloodless. [Vampire growth]
  1548 | D:3      | Reached XP level 3. HP: 24/24 MP: 2/6
  1548 | D:3      | Found an ancient bone altar of Kikubaaqudgha.
  1964 | D:3      | Reached skill level 3 in Dodging
  1964 | D:3      | Reached skill level 5 in Necromancy
  1970 | D:3      | Learned a level 3 spell: Vampiric Draining
  2025 | D:3      | Reached XP level 4. HP: 19/30 MP: 4/8
  2431 | D:4      | Noticed a phantom
  2674 | D:4      | Found a staircase to the Ecumenical Temple.
  2699 | Temple   | Entered the Ecumenical Temple
  2734 | Temple   | Became a worshipper of Fedhas Madash
  2823 | D:4      | Found a snail-covered altar of Cheibriados.
  3182 | D:4      | Learned a level 4 spell: Animate Dead
  3296 | D:4      | Reached XP level 5. HP: 35/35 MP: 5/9
  3430 | D:4      | Reached skill level 4 in Dodging
  3636 | D:5      | Entered Level 5 of the Dungeon
  3660 | D:5      | Noticed an ice beast
  3820 | D:5      | Killed an ice beast
  3821 | D:5      | Reached XP level 6. HP: 41/41 MP: 1/11
  4350 | D:5      | Noticed an ice beast
  4367 | D:5      | Killed an ice beast
  4563 | D:5      | Reached skill level 5 in Dodging
  4719 | D:5      | Reached XP level 7. HP: 46/46 MP: 4/13
  4972 | D:5      | Reached * piety under Fedhas
  5342 | D:5      | Noticed Prince Ribbit
  5360 | D:5      | Killed Prince Ribbit
  5540 | D:5      | Reached skill level 6 in Dodging
  5540 | D:5      | Reached skill level 5 in Spellcasting
  5956 | D:6      | Reached XP level 8. HP: 40/52 MP: 1/15
  6630 | D:6      | Reached ** piety under Fedhas
  6631 | D:6      | Reached skill level 7 in Dodging
  7017 | D:6      | Learned a level 5 spell: Curse of Agony
  7620 | D:6      | Reached XP level 9. HP: 57/57 MP: 5/18
  8295 | D:7      | Reached skill level 8 in Dodging
  8749 | D:7      | Noticed Jeremiah
  8783 | D:7      | Reached *** piety under Fedhas
  9242 | D:7      | Reached skill level 9 in Dodging
  9409 | D:8      | Found a staircase to the Lair.
  9593 | D:8      | Noticed a two-headed ogre
  9748 | D:8      | Found Saedghad's Antique Weapon Emporium.
  9946 | D:8      | Reached skill level 10 in Necromancy
 10046 | D:8      | Reached XP level 10. HP: 63/63 MP: 6/21
 10326 | D:8      | Reached **** piety under Fedhas
 10775 | Lair:1   | Entered Level 1 of the Lair of Beasts
 10880 | Lair:1   | Reached skill level 10 in Dodging
 11258 | Lair:1   | Noticed Amaemon
 11258 | Lair:1   | Noticed an orange demon
 11258 | Lair:1   | Noticed a cane toad
 11274 | Lair:1   | Killed an orange demon
 11280 | Lair:1   | Killed Amaemon
 11288 | Lair:1   | Noticed Maggie
 11296 | Lair:1   | Killed Maggie
 11437 | Lair:1   | Noticed a cane toad
 11453 | Lair:1   | Killed a cane toad
 11454 | Lair:1   | Reached skill level 11 in Dodging
 11642 | Lair:1   | Reached XP level 11. HP: 53/61 MP: 17/24
 12113 | Lair:1   | Reached skill level 1 in Invocations
 12345 | Lair:1   | Noticed a boulder beetle
 12357 | Lair:1   | Killed a boulder beetle
 12484 | Lair:1   | Noticed a boulder beetle
 12502 | Lair:1   | Killed a boulder beetle
 12947 | Lair:2   | Identified the +3 scale mail of Slovenliness {rN+ Int+7}
 13017 | Lair:1   | Reached skill level 10 in Spellcasting
 13568 | Lair:2   | Found a staircase to the Swamp.
 13568 | Lair:2   | Noticed an eleionoma
 13585 | Lair:2   | Killed an eleionoma
 13586 | Lair:2   | Reached skill level 12 in Dodging
 14901 | Lair:3   | Found a staircase to the Snake Pit.
 15572 | Lair:3   | Noticed a seven-headed hydra
 15579 | Lair:3   | Killed a seven-headed hydra
 15580 | Lair:3   | Reached XP level 12. HP: 72/74 MP: 19/26
 16845 | Lair:4   | Found a viscous altar of Jiyva.
 16845 | Lair:4   | Found a staircase to the Slime Pits.
 17147 | Lair:4   | Reached skill level 5 in Invocations
 17886 | Lair:5   | Entered Level 5 of the Lair of Beasts
 17894 | Lair:5   | Reached skill level 13 in Dodging
 18087 | Lair:5   | Noticed a five-headed hydra
 18093 | Lair:5   | Reached ***** piety under Fedhas
 18097 | Lair:5   | Killed a five-headed hydra
 18293 | Lair:5   | Noticed an eight-headed hydra
 18301 | Lair:5   | Killed an eight-headed hydra
 18349 | Lair:5   | Identified the staff of Red Wine {rN+ Int+3 Necro Ice Air}
 18397 | Lair:5   | Noticed an eight-headed hydra
 18405 | Lair:5   | Killed an eight-headed hydra
 18428 | Lair:5   | Noticed an eight-headed hydra
 18436 | Lair:5   | Killed an eight-headed hydra
 18449 | Lair:5   | Noticed a seven-headed hydra
 18453 | Lair:5   | Reached XP level 13. HP: 66/79 MP: 16/28
 19137 | Lair:5   | Reached skill level 14 in Dodging
 19632 | Lair:5   | Found a large runed translucent door.
 19672 | Lair:5   | Found a large runed translucent door.
 20352 | D:8      | Reached skill level 15 in Necromancy
 20436 | D:9      | Found a runed translucent door.
 20436 | D:9      | Noticed Nogual's ghost (journeyman GrHu)
 21146 | D:9      | Found a staircase to the Orcish Mines.
 21734 | D:9      | Killed Nogual's ghost
 21973 | Orc:1    | Entered Level 1 of the Orcish Mines
 22029 | Orc:1    | Found Busysho's CLEARANCE SALE!.
 22048 | Orc:1    | Reached skill level 15 in Dodging
 22383 | Orc:1    | Found Iheb's Armour Emporium.
 22560 | Orc:2    | Entered Level 2 of the Orcish Mines
 23543 | Orc:1    | Reached XP level 14. HP: 85/85 MP: 22/30
 23849 | Orc:2    | Found a transporter.
 23869 | Orc:2    | Found a transporter.
 23876 | Orc:2    | Found a one-way gate to the infinite horrors of the Abyss.
 23876 | Orc:2    | Noticed Frank's ghost (journeyman DsFi)
 24077 | Orc:2    | Reached ****** piety under Fedhas
 24135 | Orc:2    | Found a staircase to the Elven Halls.
 24200 | Orc:2    | Found Jiotifad's Assorted Antiques.
 25829 | Orc:2    | Found Afin's Book Boutique.
 25883 | Orc:2    | Found Rausock's Distillery.
 25889 | Orc:2    | Found Yxtiur's Antique Armour Shoppe.
 25929 | Orc:2    | Bought a book of Hexes for 432 gold pieces
 25934 | Orc:2    | Learned a level 4 spell: Anguish
 25944 | Orc:2    | Bought a pair of encrusted boots for 256 gold pieces
 25944 | Orc:2    | Identified the -1 pair of boots of Tenacity {Str+5 Dex+3}
                  | (You bought it in a shop on level 2 of the Orcish Mines)
 25947 | Orc:2    | Bought a scroll labelled OKYACE DUPHI for 23 gold pieces
 25947 | Orc:2    | Bought a potion of curing for 69 gold pieces
 25947 | Orc:2    | Bought a scroll of enchant armour for 172 gold pieces
 25957 | Orc:2    | Bought a potion of heal wounds for 70 gold pieces
 25957 | Orc:2    | Bought a potion of curing for 42 gold pieces
 25957 | Orc:2    | Bought a potion of resistance for 140 gold pieces
 25957 | Orc:2    | Bought a potion of heal wounds for 70 gold pieces
 25957 | Orc:2    | Bought a potion of lignification for 42 gold pieces
 26194 | D:10     | Entered Level 10 of the Dungeon
 27022 | D:11     | Found Xiocuchirph's Magic Scroll Shop.
 27054 | D:11     | Bought a scroll of teleportation for 36 gold pieces
 27054 | D:11     | Bought a scroll of fear for 48 gold pieces
 27054 | D:11     | Bought a scroll of teleportation for 36 gold pieces
 27054 | D:11     | Bought a scroll of blinking for 90 gold pieces
 27054 | D:11     | Bought a scroll of identify for 24 gold pieces
 27054 | D:11     | Bought a scroll of teleportation for 36 gold pieces
 27054 | D:11     | Bought a scroll of summoning for 114 gold pieces
 27054 | D:11     | Bought a scroll of identify for 24 gold pieces
 27155 | D:11     | Noticed Harold
 27172 | D:11     | Killed Harold
 27509 | D:12     | Noticed Nergalle
 27510 | D:12     | Noticed Sonja
 27523 | D:12     | Killed Nergalle
 27539 | D:12     | Killed Sonja
 27632 | D:12     | Noticed Jorgrun
 27637 | D:12     | Noticed Psyche
 27644 | D:12     | Killed Jorgrun
 27646 | D:12     | Killed Psyche
 27647 | D:12     | Reached skill level 16 in Dodging
 27879 | D:12     | Noticed Gastronok
 27887 | D:12     | Killed Gastronok
 28207 | D:12     | Noticed Frances
 28333 | D:12     | Killed Frances
 28356 | D:12     | Identified the +7 sling of the Smoking Gods {freeze,
                  | *Corrode rElec Int+4}
 28366 | D:12     | Noticed Lodul
 28380 | D:12     | Killed Lodul
 28398 | D:12     | Your ally Lodul died
 28422 | D:12     | Identified the ring "Topa" {^Contam Will+ rCorr Int+3}
 28739 | D:13     | Found a flickering gateway to a bazaar.
 28744 | Bazaar   | Entered a bazaar
 28750 | Bazaar   | Found Molezy's Book Emporium.
 28750 | Bazaar   | Found Giusae's Jewellery Shoppe.
 28774 | Bazaar   | Bought a ring of magical power for 300 gold pieces
 28926 | D:13     | Found a gate to the Vaults.
 29986 | D:13     | Learned a level 4 spell: Summon Lightning Spire
 29991 | D:13     | Learned a level 4 spell: Vhi's Electric Charge
 29997 | D:13     | Learned a level 5 spell: Arcjolt
 30001 | D:13     | Learned a level 3 spell: Swiftness
 30240 | D:14     | Identified the ring of Cetwisot {*Slow Fly Dex+6 SInv
                  | Stlth+}
 30456 | D:14     | Noticed Josephine
 30476 | D:14     | Killed Josephine
 30584 | D:15     | Entered Level 15 of the Dungeon
 30801 | D:15     | Identified the +6 plate armour "Luyho" {Harm Will+ SInv}
 31058 | D:15     | Reached XP level 15. HP: 90/90 MP: 24/33
 31178 | D:15     | Noticed a frost giant
 31189 | D:15     | Killed a frost giant
 31227 | D:15     | Identified the +0 hand axe of the First Mice {antimagic,
                  | Fly Stlth+}
 31620 | D:14     | Reached skill level 1 in Air Magic
 32728 | Swamp:1  | Entered Level 1 of the Swamp
 32730 | Swamp:1  | Noticed Donald
 32747 | Swamp:1  | Killed Donald
 32782 | Swamp:1  | Identified the +3 leather armour of Fedhas's Envy {rPois
                  | Regen+ Int+3}
 33282 | Swamp:1  | Found a blossoming altar of Fedhas.
 33351 | Swamp:1  | Noticed Nikola
 33589 | Snake:1  | Entered Level 1 of the Snake Pit
 33605 | Snake:1  | Reached skill level 17 in Dodging
 34374 | Snake:1  | Learned a level 3 spell: Teleport Other
 35770 | Snake:2  | Found a shimmering altar of Xom.
 36407 | Snake:2  | Reached skill level 5 in Air Magic
 36470 | Snake:2  | Found Hopp's Book Shop.
 36472 | Snake:2  | Found Damaeczo's Assorted Antiques.
 36475 | Snake:2  | Found Wokeegix's Book Shop.
 36506 | Snake:2  | Bought a scroll of enchant armour for 195 gold pieces
 37092 | Snake:3  | Identified the +0 pair of boots "Hujarr" {rF- Int+4 Dex+4}
 37125 | Snake:3  | Reached XP level 16. HP: 76/76 MP: 24/34
 37294 | Snake:3  | Reached skill level 15 in Spellcasting
 37305 | Snake:3  | Identified the serpent talisman of Sandy the Good {rF+
                  | Will+}
 37305 | Snake:3  | Noticed Aizul
 37320 | Snake:3  | Killed Aizul
 38051 | Snake:4  | Entered Level 4 of the Snake Pit
 38246 | Snake:4  | Reached skill level 18 in Dodging
 41573 | Snake:4  | Found Ifihuk's Weapon Shop.
 43268 | Snake:4  | Got a serpentine rune of Zot
 43730 | Swamp:1  | Reached XP level 17. HP: 43/80 MP: 22/36
 44007 | Swamp:2  | Reached skill level 10 in Invocations
 44080 | Swamp:1  | Killed Nikola
 45239 | Swamp:2  | Identified the +2 morningstar of Peace {flame, *Noise
                  | +Blink Int+5}
 45261 | Swamp:2  | Learned a level 6 spell: Plasma Beam
 45266 | Swamp:2  | Learned a level 4 spell: Cause Fear
 45700 | Swamp:3  | Reached skill level 19 in Dodging
 45756 | Swamp:3  | Noticed Mara
 45760 | Swamp:3  | Noticed Arcadio's illusion
 45813 | Swamp:3  | Noticed Arcadio's illusion
 46032 | Swamp:3  | Killed Mara
 46857 | Swamp:4  | Entered Level 4 of the Swamp
 47453 | Swamp:4  | Noticed a tentacled monstrosity
 47474 | Swamp:4  | Killed a tentacled monstrosity
 47864 | Swamp:4  | Got a decaying rune of Zot
 47882 | Swamp:4  | Identified the orb of the Ornamental God {guile, Harm rPois
                  | Regen+ Stlth-}
 48800 | Elf:1    | Entered Level 1 of the Elven Halls
 48803 | Elf:1    | Found a radiant altar of Vehumet.
 49189 | Vaults:1 | Entered Level 1 of the Vaults
 49899 | D:13     | Shot with a bolt by a yaktaur captain

Illustrated notes

Levels and vault maps discovered:
D:1:      doesnt_arrival_eight_statues, layout_basic, hangedman_decor_points
D:2:      layout_basic, serial_shops, nicolae_shop_gaudy_bauble
D:3:      layout_loops_ring, grunt_temple_overflow_open
D:4:      layout_loops_ring, nicolae_overflow_hidden_temple, slow_altar_1,
          minmay_temple_entry_mini_moons, nicolae_titane
D:5:      layout_basic, nicolae_houndstooth_variations, uniq_prince_ribbit1
D:6:      layout_rooms, minmay_quadrilaterals
D:7:      layout_cave_pools, minmay_nine_imps, uniq_jeremiah
D:8:      kb_forest_paths, layout_basic, serial_shops, nicolae_lakefront_shop
D:9:      layout_irregular_city, david_orc_1_choice,
          hellmonk_ghost_happy_afterlife, minmay_crystal_room,
          nicolae_concentric_dashed_squares_mild, ebering_dispersal_statue_hall,
          chequers_jeans, minivault_20
D:10:     layout_loops_ring
D:11:     layout_stronghold, serial_shops, shop,
          dilly_guarded_unrand_elemental_staff, uniq_harold
D:12:     layout_roguey, uniq_jorgrun, uniq_nergalle, uniq_sonja, uniq_frances,
          uniq_psyche, uniq_gastronok, uniq_lodul
D:13:     layout_grid_maze, david_vaults_2, serial_shops, bzr_entry_road
D:14:     layout_small_grid, nicolae_burly_brawl, uniq_josephine
D:15:     vault_1, layout_loops_cross, minmay_misc_feat_plants, uniq_rupert
Temple:   nicolae_temple_elliptical
Lair:1:   layout_regular_city, chequers_serial_rivers_micro_e,
          lemuel_fruit_fields, grunt_megastairs_4, lemuel_fruit_tree,
          uniq_amaemon, uniq_maggie
Lair:2:   layout_hall_layers, alex1729_swamp_entry_worm_eleionoma,
          serial_bayou_lake_a
Lair:3:   layout_small_grid, guppyfry_snake_entry_garden, serial_bayou_shore_a
Lair:4:   layout_long_grid, nicolae_slime_entry_slimehenge, grunt_megastairs_1
Lair:5:   cheibrodos_lair_end_hotspot, layout_regular_city
Swamp:1:  layout_basic_swamp, lemuel_altar_in_water, uniq_nikola, uniq_donald
Swamp:2:  layout_falls_marsh, nicolae_swamp_some_circles, swamp_pool_5
Swamp:3:  layout_falls_marsh, evilmike_swamp_ruin_house_6, uniq_mara
Swamp:4:  swamp_alternative, layout_basic_swamp
Snake:1:  layout_chambers
Snake:2:  layout_basic, basic_altar, drop_trap, minmay_shop_star
Snake:3:  layout_cave_town, uniq_aizul
Snake:4:  johnstein_snake_rune_scales, layout_gridlike, serial_shops, shop,
          serial_curves, eino_curves_01, eino_curves_02
Orc:1:    layout_diamond_mine, serial_shops,
          nicolae_shop_temple_entry_statues_fountains, nicolae_shop_clearance
Orc:2:    st_orc_elflike, layout_caves, gammafunk_ghost_abyssal_escape
Elf:1:    layout_geoelf_octagon, basic_altar, nicolae_elf_crossing_hall,
          lemuel_upstairs_altar, grunt_megastairs_5
Vaults:1: nicolae_vaults_what_the_h, nicolae_vaults_diagonal_hallway_7,
          vaults_dpeg_emergency_exit, nicolae_vaults_alarming,
          nicolae_vaults_tetromino_T_1, hangedman_vaults_unwind,
          nicolae_vaults_wine_cellar, nicolae_vaults_storage_room_statues,
          ontoclasm_vaults_misaligned, vaults_standard_mumra_enter_the_diamond,
          v_misc_19, ontoclasm_vaults_eye, nicolae_vaults_offset_grid_hallway_4,
          nicolae_vaults_trapezoid_3, layout_vaults_omnigrid, serial_shops,
          nicolae_shop_tiny_waterfront,
          nicolae_shop_competitors_out_of_business,
          nicolae_shop_pleasant_corner_grove

Skill      XL: |  1  2  3  4  5  6  7  8  9 10 11 12 13 14 15 16 17 |
---------------+----------------------------------------------------+-----
Dodging        | 3 4 5 6 7 9 11 12 13 15 16 17 18 19 | 19.4
Necromancy     | 5 6 7 8 10 11 12 14 15 16 17 | 17.1
Spellcasting   | 3 4 5 6 7 9 10 11 12 14 15 16 | 16.4
Invocations    | 4 5 6 8 9 11 | 11.0
Air Magic      | 5 8 9 |  9.7
Stealth        | |  3.0

Action                     |  1- 3 |  4- 6 |  7- 9 | 10-12 | 13-15 | 16-18 || total
---------------------------+-------+-------+-------+-------+-------+-------++-------
  Melee: Whip              |     6 |       |       |       |       |       ||     6
         Unarmed           |     4 |       |       |       |       |       ||     4
         Bite              |     4 |    16 |    25 |    34 |    68 |     8 ||   155
         Dagger            |    49 |    62 |   132 |   123 |   355 |    24 ||   745
         Punch             |     1 |     3 |     5 |     3 |     9 |       ||    21
         Staff             |       |    54 |    88 |    25 |    64 |     7 ||   238
         Rapier            |       |       |       |       |       |    23 ||    23
   Cast: Necrotise         |    28 |    43 |    39 |    14 |    10 |       ||   134
         Vampiric Draining |       |    16 |    87 |   226 |   730 |   282 ||  1341
         Animate Dead      |       |       |    13 |     7 |    41 |     2 ||    63
         Curse of Agony    |       |       |     1 |     2 |     3 |       ||     6
         Summon Lightning  |       |       |       |       |    31 |    25 ||    56
         Swiftness         |       |       |       |       |     2 |     2 ||     4
         Anguish           |       |       |       |       |    12 |     4 ||    16
         Arcjolt           |       |       |       |       |       |   201 ||   201
         Teleport Other    |       |       |       |       |       |     1 ||     1
         Plasma Beam       |       |       |       |       |       |     2 ||     2
 Invoke: Wall of Briars    |       |       |     1 |     3 |     2 |       ||     6
         Grow Ballistomyce |       |       |       |     1 |    15 |     6 ||    22
         Grow Oklob        |       |       |       |       |       |     5 ||     5
Ability: Exsanguinate      |       |       |       |     2 |     1 |       ||     3
         Revivify          |       |       |       |     2 |       |       ||     2
         End Transformatio |       |       |       |       |       |     1 ||     1
         Bat Form          |       |       |       |       |       |     1 ||     1
  Evoke: Wand              |       |       |       |       |       |     2 ||     2
    Use: Scroll            |       |       |     5 |    12 |    22 |     9 ||    48
         Potion            |       |       |       |       |     7 |     6 ||    13
   Stab: Sleeping          |     4 |     5 |     2 |     1 |     5 |       ||    17
         Distracted        |       |       |     2 |     3 |     8 |     1 ||    14
         Confused          |       |       |       |     1 |       |       ||     1
 Armour: Robe              |    25 |    48 |   126 |    21 |       |       ||   220
         Steam dragon scal |       |       |       |   156 |   626 |   435 ||  1217
         Skin              |       |       |       |       |       |     1 ||     1
  Dodge: Dodged            |    37 |   118 |   558 |   513 |  1784 |   768 ||  3778
